 Dungeon Sprint DCSS version 0.21.1-1-g345015f (webtiles) character file.

3669 Fang the Cleaver (level 10, -3/73 HPs)
             Began as a Gargoyle Berserker on June 23, 2018.
             Was the Champion of Trog.
             Slain by a tyrant leech (11 damage)
             ... in the Dungeon (Sprint VII: "The Pits").
             The game lasted 00:03:11 (1172 turns).

Fang the Cleaver (Gargoyle Berserker)               Turns: 1172, Time: 00:03:12

Health: -3/73      AC: 21    Str: 28    XL:     10   Next: 12%
Magic:  3/3        EV: 12    Int: 10    God:    Trog [******]
Gold:   0          SH:  0    Dex:  9    Spells: 9/9 levels left

rFire    . . .     SeeInvis .   q - +5 war axe (antimagic)
rCold    . . .     Gourm    .   (no shield)
rNeg     + . .     Faith    .   u - +4 chain mail
rPois    ∞         Spirit   .   (no helmet)
rElec    +         Reflect  .   (no cloak)
rCorr    .         Harm     .   (no gloves)
MR       .....     NoTele   +   (no boots)
Stlth    ..........             (no amulet)
HPRegen  0.22/turn              r - +3 ring of intelligence
MPRegen  0.08/turn              s - +3 ring of strength

@: berserk cooldown, slowed, very slow
A: negative energy resistance 1, electricity resistance, unbreathing,
petrification resistance, rot immunity, AC +7
a: Berserk, Trog's Hand, Brothers in Arms, Burn Spellbooks, Renounce Religion


You were in the Dungeon.
You worshipped Trog.
Trog was exalted by your worship.
You were near starving.

You visited 1 branch

Inventory:

Hand Weapons
 j - a +2 hand axe
 o - a +5 battleaxe of venom
 q - a +5 antimagic war axe (weapon)
 v - a +2 war axe of chopping
Armour
 u - a +4 chain mail (worn)
Jewellery
 r - a +3 ring of intelligence (left hand)
 s - a +3 ring of strength (right hand)
Scrolls
 i - a scroll of blinking
 l - 3 scrolls of remove curse
Potions
 d - 11 potions of curing
 e - 12 potions of heal wounds
 f - a potion of haste
 g - 4 potions of magic
 h - 3 potions of berserk rage
 k - 2 potions of invisibility
 t - a potion of brilliance
Comestibles
 c - 8 rations


   Skills:
 + Level 13.0 Fighting
 + Level 14.8 Axes
 + Level 6.6 Armour
 + Level 8.1 Dodging
 + Level 0.7 Stealth


You had 9 spell levels left.
You didn't know any spells.

Dungeon Overview and Level Annotations

Branches:
Dungeon (1/1)

Altars:
Ashenzari
Cheibriados
Dithmenos
Elyvilon
Fedhas
Gozag
Hepliaklqana
Kikubaaqudgha
Makhleb
Nemelex Xobeh
Okawaru
Qazlal
Ru
Sif Muna
Trog
Uskayaw
Vehumet
Wu Jian
Xom
Yredelemnul
Zin
The Shining One
Beogh
Jiyva
Lugonu

Annotations:
D Edmund


Innate Abilities, Weirdness & Mutations

You are resistant to torment.
Your stone body is resilient. (AC +7)
You are immune to poison.
You resist negative energy. (rN+)
You are resistant to electric shocks. (rElec)
You can survive without breathing.
You are immune to petrification.
You are immune to rotting.


Message History

The blink frog hits you but does no damage.
You closely miss the blink frog.
The blink frog is moderately wounded.
You hit the tyrant leech. You hit Edmund.
Your small abomination barely misses Edmund.
Edmund closely misses you.
Your small abomination closely misses Edmund.
The blink frog barely misses you.
The tyrant leech bites you but does no damage.
You barely miss the blink frog.
The blink frog is moderately wounded.
You hit Edmund but do no damage. You hit the tyrant leech.
Your small abomination hits Edmund but does no damage.
The blink frog hits you.
* * * LOW HITPOINT WARNING * * *
The blink frog blinks!
Edmund misses you.
Your small abomination barely misses Edmund.
Your small abomination closely misses Edmund.
The tyrant leech bites you!
You die...

####'##................#
)))'.##......#..#......#
####.##................+
.....)'................+
#'#####......#..#......#
...'.##................#
...#.#####'#####''######
####.##.......##xx#
)..#.##.......##@@#
.).'.##.......##§wo#
#######...<...###hhh#
[.)).##.......# #F..F
[))).##.......# .###s#
#######.......# ## .
..#..##########
..#.###########
#.#.#....#..[.#


You could see a tyrant leech, Edmund, 2 blink frogs, a tarantella, 3 wolves, an
orc priest and 2 friendly small abominations.

Vanquished Creatures
  Erolcha (D)
  A smoke demon (D)
  3 blink frogs (D)
  6 yaks (D)
  A hungry ghost (D)
  2 water moccasins (D)
  2 floating eyes (D)
  2 sky beasts (D)
  5 killer bees (D)
  3 wights (D)
  2 orc wizards (D)
  An iron imp (D)
  A mummy (D)
  A gnoll (D)
  An ufetubus (D)
  2 orcs (D)
  A giant cockroach (D)
  A goblin (D)
  A hobgoblin (D)
  2 jackals (D)
  2 ball pythons (D)
  A frilled lizard (D)
42 creatures vanquished.

Notes
Turn   | Place    | Note
-------+----------+-------------------------------------------
     0 | D        | Fang the Gargoyle Berserker began the quest for the Orb.
     0 | D        | Reached XP level 1. HP: 14/14 MP: 1/1
    17 | D        | Reached skill level 3 in Axes
    24 | D        | Found a bloodstained altar of Trog.
    24 | D        | Found a deep blue altar of Sif Muna.
    24 | D        | Found a viscous altar of Jiyva.
    24 | D        | Found a hazy altar of Hepliaklqana.
    24 | D        | Found an opulent altar of Gozag.
    25 | D        | Found a glowing golden altar of the Shining One.
    25 | D        | Found a glowing silver altar of Zin.
    25 | D        | Found a basalt altar of Yredelemnul.
    25 | D        | Found a shimmering altar of Xom.
    25 | D        | Found an ornate altar of the Wu Jian Council.
    25 | D        | Found a sacrificial altar of Ru.
    25 | D        | Found a stormy altar of Qazlal.
    25 | D        | Found an iron altar of Okawaru.
    25 | D        | Found a sparkling altar of Nemelex Xobeh.
    25 | D        | Found a burning altar of Makhleb.
    25 | D        | Found a blossoming altar of Fedhas.
    25 | D        | Found a white marble altar of Elyvilon.
    25 | D        | Found a shadowy altar of Dithmenos.
    25 | D        | Found a snail-covered altar of Cheibriados.
    28 | D        | Found a corrupted altar of Lugonu.
    28 | D        | Found a radiant altar of Vehumet.
    28 | D        | Found a roughly hewn altar of Beogh.
    69 | D        | Reached ** piety under Trog
    84 | D        | Noticed a floating eye
    88 | D        | Paralysed by a floating eye for 2 turns
    91 | D        | Reached XP level 2. HP: 9/20 MP: 2/2
    91 | D        | Paralysed by a floating eye for 4 turns
    96 | D        | Killed a floating eye
    96 | D        | Reached skill level 5 in Axes
    96 | D        | Reached XP level 3. HP: 13/28 MP: 3/3
    96 | D        | Reached XP level 4. HP: 15/32 MP: 4/4
   388 | D        | Noticed a floating eye
   389 | D        | Paralysed by a floating eye for 4 turns
   395 | D        | Reached *** piety under Trog
   397 | D        | Reached skill level 6 in Axes
   397 | D        | Reached XP level 5. HP: 38/38 MP: 5/5
   397 | D        | Killed a floating eye
   397 | D        | Reached skill level 7 in Axes
   397 | D        | Reached XP level 6. HP: 45/45 MP: 6/6
   398 | D        | Reached **** piety under Trog
   492 | D        | Noticed a water moccasin
   494 | D        | Reached skill level 8 in Axes
   494 | D        | Reached skill level 5 in Armour
   497 | D        | Reached ***** piety under Trog
   503 | D        | Killed a water moccasin
   503 | D        | Reached skill level 9 in Axes
   503 | D        | Reached skill level 5 in Dodging
   503 | D        | Reached XP level 7. HP: 52/52 MP: 7/7
   505 | D        | Reached skill level 10 in Fighting
   507 | D        | Received a gift from Trog
   617 | D        | Noticed a smoke demon
   622 | D        | Killed a smoke demon
   622 | D        | Reached skill level 10 in Axes
   622 | D        | Reached XP level 8. HP: 60/60 MP: 8/8
   719 | D        | Reached skill level 11 in Axes
   731 | D        | Received a gift from Trog
   736 | D        | Noticed a yak
   736 | D        | Noticed a yak
   736 | D        | Noticed a yak
   736 | D        | Noticed a yak
   736 | D        | Noticed a yak
   742 | D        | Noticed a yak
   743 | D        | Killed a yak
   746 | D        | Killed a yak
   746 | D        | Reached skill level 12 in Axes
   748 | D        | Killed a yak
   748 | D        | Reached XP level 9. HP: 50/65 MP: 3/9
   758 | D        | Received a gift from Trog
   759 | D        | Reached ****** piety under Trog
   762 | D        | Reached skill level 13 in Axes
  1122 | D        | Found a hide-covered altar of Uskayaw.
  1122 | D        | Found an ancient bone altar of Kikubaaqudgha.
  1122 | D        | Found a shattered altar of Ashenzari.
  1145 | D        | Noticed Erolcha
  1155 | D        | Killed Erolcha
  1155 | D        | Received a gift from Trog
  1155 | D        | Reached skill level 14 in Axes
  1157 | D        | Noticed Edmund
  1159 | D        | Reached XP level 10. HP: 42/72 MP: 3/10
  1172 | D        | Slain by a tyrant leech

Skill      XL: |  1  2  3  4  5  6  7  8  9 10 |
---------------+-------------------------------+-----
Axes           | 3 5 6 7 9 10 12 14 | 14.8
Fighting       | 4 6 7 8 9 11 12 13 | 13.0
Dodging        | 2 3 4 5 6 7 8 |  8.1
Armour         | 3 4 5 6 |  6.6
Stealth        | |  0.7

Action                   |  1- 3 |  4- 6 |  7- 9 | 10-12 || total
-------------------------+-------+-------+-------+-------++-------
Melee: Hand axe          |    13 |    20 |     4 |       ||    37
       Battleaxe         |       |       |    30 |       ||    30
       Broad axe         |       |       |    28 |       ||    28
       War axe           |       |       |    11 |    11 ||    22
Invok: Berserk           |     1 |     2 |     3 |       ||     6
  Use: Scroll            |       |       |       |     1 ||     1
  Eat: Chunk             |       |       |     1 |       ||     1
       Ration            |       |       |     1 |       ||     1
Armor: Animal skin       |     6 |    10 |    19 |       ||    35
       Chain mail        |       |       |     4 |    12 ||    16
Dodge: Dodged            |    19 |    14 |    41 |     9 ||    83
